TOP OF THE 1ST |
Los Angeles (NYP) Dodgers batting - Pitching for Eugene Emeralds : LHP Bernard Grose
|
Pitching: LHP Bernard Grose
|
|
Batting: RHB Mario Mejia
|
0-0: Ball 1-0: Ball 2-0: SINGLE (Groundball, 34D, EV 94.4 MPH)
|
Batting: RHB Leo Cuellar
|
0-0: Called Strike Mario Mejia steals 2nd base 0-1: Called Strike 0-2: Ball Wild Pitch! Mario Mejia to third 1-2: Ball 2-2: Ground out 6-3 (Groundball, 6, EV 79.4 MPH) Mario Mejia scores
|
Batting: LHB Kippy McGrath
|
0-0: Ball 1-0: Ball 2-0: Foul Ball, location: 2F 2-1: Foul Ball, location: 2F 2-2: Strikes out swinging
|
Batting: SHB Chris Ackerson
|
0-0: Ball 1-0: Called Strike 1-1: Ball 2-1: Called Strike 2-2: Ground out 5-3 (Groundball, 56S, EV 88.8 MPH)
|
Top of the 1st over - 1 run, 1 hit, 0 errors, 0 left on base; Los Angeles (NYP) 1 - Eugene 0 |
BOTTOM OF THE 1ST |
Eugene Emeralds batting - Pitching for Los Angeles (NYP) Dodgers : RHP Dave Bible
|
Pitching: RHP Dave Bible
|
|
Batting: RHB Garrett Granata
|
0-0: Called Strike 0-1: Called Strike 0-2: Ball 1-2: Ground out 4-3 (Groundball, 4, EV 101.9 MPH)
|
Batting: RHB Chris Slama
|
0-0: Called Strike 0-1: Ball 1-1: Foul Ball, location: 2F 1-2: Strikes out looking
|
Batting: RHB Francisco Ramirez
|
0-0: Ball 1-0: Called Strike 1-1: Ball 2-1: Ball 3-1: Base on Balls
|
Batting: LHB Trevor Spaulding
|
0-0: Ball 1-0: Swinging Strike Passed Ball! Francisco Ramirez to second 1-1: Ground out U3 (Groundball, 34, EV 80.0 MPH)
|
Bottom of the 1st over - 0 runs, 0 hits, 0 errors, 1 left on base; Los Angeles (NYP) 1 - Eugene 0 |
TOP OF THE 2ND |
Los Angeles (NYP) Dodgers batting - Pitching for Eugene Emeralds : LHP Bernard Grose
|
Batting: RHB Jonathan Kirsch
|
0-0: Ball 1-0: Fly out, F8 (Flyball, 8LD, EV 101.9 MPH)
|
Batting: LHB Fernando Amaya
|
0-0: Called Strike 0-1: Ball 1-1: Ball 2-1: Ball 3-1: Ground out U3 (Groundball, 34S, EV 85.0 MPH)
|
Batting: RHB Dustin Huschka
|
0-0: Called Strike 0-1: Ball 1-1: Ball 2-1: Foul Ball, location: 2F 2-2: Strikes out looking
|
Top of the 2nd over - 0 runs, 0 hits, 0 errors, 0 left on base; Los Angeles (NYP) 1 - Eugene 0 |
BOTTOM OF THE 2ND |
Eugene Emeralds batting - Pitching for Los Angeles (NYP) Dodgers : RHP Dave Bible
|
Batting: LHB Mark Huey
|
0-0: Called Strike 0-1: Foul Ball, location: 2F 0-2: Ball 1-2: Foul Ball, location: 2F 1-2: Ball 2-2: Ball 3-2: Ground out 6-3 (Groundball, 6M, EV 79.4 MPH)
|
Pitching: LHP Gavin White
|
|
Batting: SHB Bob Hamilton
|
0-0: Foul Ball, location: 2F 0-1: Called Strike 0-2: Ball 1-2: Foul Ball, location: 2F 1-2: Strikes out swinging
|
Batting: RHB Brian Gargis
|
0-0: Swinging Strike 0-1: Ball 1-1: Swinging Strike 1-2: Strikes out swinging
|
Bottom of the 2nd over - 0 runs, 0 hits, 0 errors, 0 left on base; Los Angeles (NYP) 1 - Eugene 0 |
TOP OF THE 3RD |
Los Angeles (NYP) Dodgers batting - Pitching for Eugene Emeralds : LHP Bernard Grose
|
Batting: RHB Jonathan Quijada
|
0-0: Ball 1-0: Swinging Strike 1-1: Foul Ball, location: 2F 1-2: Ground out 6-3 (Groundball, 6, EV 80.0 MPH)
|
Batting: SHB John Gernaat
|
0-0: Ball 1-0: Called Strike 1-1: Foul Ball, location: 2F 1-2: Ball 2-2: Ball 3-2: Strikes out swinging, 2-3 out at first.
|
Batting: RHB Mario Mejia
|
0-0: Ball 1-0: Ball 2-0: Foul Ball, location: 2F 2-1: Ball 3-1: Base on Balls
|
Batting: RHB Leo Cuellar
|
0-0: Ball 1-0: Ball 2-0: Ball 3-0: Called Strike 3-1: Base on Balls Mario Mejia to second
|
Batting: LHB Kippy McGrath
|
0-0: SINGLE (Flyball, 8LS, EV 97.5 MPH) Mario Mejia to third Leo Cuellar to second Runner from 3rd tries for Home, throw by CF and OUT! 8-2
|
Top of the 3rd over - 0 runs, 1 hit, 0 errors, 2 left on base; Los Angeles (NYP) 1 - Eugene 0 |
BOTTOM OF THE 3RD |
Eugene Emeralds batting - Pitching for Los Angeles (NYP) Dodgers : LHP Gavin White
|
Batting: RHB Adam Kelliher
|
0-0: Ball 1-0: Foul Ball, location: 2F 1-1: Foul Ball, location: 2F 1-2: Fly out, F7 (Flyball, 7, EV 92.5 MPH)
|
Batting: RHB Jonathan Ridgely
|
0-0: Foul Ball, location: 2F 0-1: Foul Ball, location: 2F 0-2: Ball 1-2: Foul Ball, location: 2F 1-2: Foul Ball, location: 2F 1-2: SINGLE (Groundball, 34D, EV 97.5 MPH)
|
Batting: RHB Garrett Granata
|
0-0: Called Strike 0-1: Ball 1-1: SINGLE (Groundball, 5D, EV 100.6 MPH) Jonathan Ridgely to second
|
Batting: RHB Chris Slama
|
0-0: Fly out, F8 (Flyball, 89D, EV 83.1 MPH)
|
Batting: RHB Francisco Ramirez
|
0-0: Fielders Choice at 2nd, 5-4 (Groundball, 56, EV 76.2 MPH)
|
Bottom of the 3rd over - 0 runs, 2 hits, 0 errors, 2 left on base; Los Angeles (NYP) 1 - Eugene 0 |
TOP OF THE 4TH |
Los Angeles (NYP) Dodgers batting - Pitching for Eugene Emeralds : LHP Bernard Grose
|
Batting: SHB Chris Ackerson
|
0-0: SINGLE (Groundball, 6MD, EV 104.4 MPH)
|
Batting: RHB Jonathan Kirsch
|
0-0: Called Strike 0-1: Ball 1-1: Called Strike 1-2: Foul Ball, location: 2F 1-2: Foul Ball, location: 2F 1-2: Ball Wild Pitch! Chris Ackerson to second 2-2: Foul Ball, location: 2F 2-2: Strikes out swinging
|
Batting: LHB Fernando Amaya
|
0-0: Foul Ball, location: 2F 0-1: Fly out, F7 (Flyball, 7D, EV 106.2 MPH) Runner from 2nd tags up, OUT at 3rd! 7-5
|
Top of the 4th over - 0 runs, 1 hit, 0 errors, 0 left on base; Los Angeles (NYP) 1 - Eugene 0 |
BOTTOM OF THE 4TH |
Eugene Emeralds batting - Pitching for Los Angeles (NYP) Dodgers : LHP Gavin White
|
Batting: LHB Trevor Spaulding
|
0-0: Ball 1-0: Called Strike 1-1: Called Strike 1-2: Strikes out swinging
|
Batting: LHB Mark Huey
|
0-0: Called Strike 0-1: Ball 1-1: Ball 2-1: Ball 3-1: Swinging Strike 3-2: Foul Ball, location: 2F 3-2: Ground out 4-3 (Groundball, 4, EV 93.8 MPH)
|
Batting: SHB Bob Hamilton
|
0-0: Swinging Strike 0-1: Foul Ball, location: 2F 0-2: Ball 1-2: Ball 2-2: Strikes out swinging, 2-3 out at first.
|
Bottom of the 4th over - 0 runs, 0 hits, 0 errors, 0 left on base; Los Angeles (NYP) 1 - Eugene 0 |
TOP OF THE 5TH |
Los Angeles (NYP) Dodgers batting - Pitching for Eugene Emeralds : LHP Bernard Grose
|
Batting: RHB Dustin Huschka
|
0-0: Called Strike 0-1: Foul Ball, location: 2F 0-2: Foul Ball, location: 2F 0-2: Ball 1-2: Ball 2-2: Ground out 4-3 (Groundball, 4D, EV 101.9 MPH)
|
Pitching: RHP Miles Edwards
|
|
Batting: RHB Jonathan Quijada
|
0-0: Foul Ball, location: 2F 0-1: Ball 1-1: Swinging Strike 1-2: Strikes out swinging
|
Batting: SHB John Gernaat
|
0-0: Ball 1-0: Ball 2-0: Called Strike 2-1: Foul Ball, location: 2F 2-2: Strikes out swinging
|
Top of the 5th over - 0 runs, 0 hits, 0 errors, 0 left on base; Los Angeles (NYP) 1 - Eugene 0 |
BOTTOM OF THE 5TH |
Eugene Emeralds batting - Pitching for Los Angeles (NYP) Dodgers : LHP Gavin White
|
Batting: RHB Brian Gargis
|
0-0: Fly out, F5 (Popup, 56, EV 68.1 MPH)
|
Batting: RHB Adam Kelliher
|
0-0: Called Strike 0-1: Ball 1-1: Foul Ball, location: 2F 1-2: Ball 2-2: Strikes out swinging
|
Batting: RHB Jonathan Ridgely
|
0-0: Ball 1-0: Called Strike 1-1: Ball 2-1: Foul Ball, location: 2F 2-2: Reached on error, E5 (Groundball, 5, EV 106.2 MPH)
|
Pitching: RHP Craig Fallon
|
|
Batting: RHB Garrett Granata
|
0-0: Fly out, F8 (Flyball, 8RD, EV 79.4 MPH)
|
Bottom of the 5th over - 0 runs, 0 hits, 1 error, 1 left on base; Los Angeles (NYP) 1 - Eugene 0 |
TOP OF THE 6TH |
Los Angeles (NYP) Dodgers batting - Pitching for Eugene Emeralds : RHP Miles Edwards
|
Batting: RHB Mario Mejia
|
0-0: Called Strike 0-1: Foul Ball, location: 2F 0-2: Ball 1-2: Strikes out swinging
|
Batting: RHB Leo Cuellar
|
0-0: Ball 1-0: Foul Ball, location: 2F 1-1: Ball 2-1: Foul Ball, location: 2F 2-2: Foul Ball, location: 2F 2-2: Foul Ball, location: 2F 2-2: Ground out 6-3 (Groundball, 6, EV 85.0 MPH)
|
Batting: LHB Kippy McGrath
|
0-0: Called Strike 0-1: Ball 1-1: Ball 2-1: Ball 3-1: Swinging Strike 3-2: Strikes out swinging
|
Top of the 6th over - 0 runs, 0 hits, 0 errors, 0 left on base; Los Angeles (NYP) 1 - Eugene 0 |
BOTTOM OF THE 6TH |
Eugene Emeralds batting - Pitching for Los Angeles (NYP) Dodgers : RHP Craig Fallon
|
Batting: RHB Chris Slama
|
0-0: Ball 1-0: Ball 2-0: Fly out, F7 (Line Drive, 7, EV 85.6 MPH)
|
Batting: RHB Francisco Ramirez
|
0-0: SINGLE (Line Drive, 8RS, EV 90.6 MPH)
|
Batting: LHB Trevor Spaulding
|
0-0: Ball Passed Ball! Francisco Ramirez to second 1-0: Fly out, F8 (Flyball, 8RD, EV 77.5 MPH) Throwing error, E8 Francisco Ramirez scores
|
Batting: LHB Mark Huey
|
0-0: Ground out 4-3 (Groundball, 4, EV 104.4 MPH)
|
Bottom of the 6th over - 1 run, 1 hit, 1 error, 0 left on base; Los Angeles (NYP) 1 - Eugene 1 |
TOP OF THE 7TH |
Los Angeles (NYP) Dodgers batting - Pitching for Eugene Emeralds : RHP Miles Edwards
|
Pitching: LHP Virgílio Beyfus
|
|
Batting: SHB Chris Ackerson
|
0-0: Foul Ball, location: 2F 0-1: Called Strike 0-2: Strikes out swinging
|
Batting: RHB Jonathan Kirsch
|
0-0: Foul Ball, location: 2F 0-1: Foul Ball, location: 2F 0-2: Strikes out swinging
|
Batting: LHB Fernando Amaya
|
0-0: Called Strike 0-1: Foul Ball, location: 2F 0-2: Strikes out swinging
|
Top of the 7th over - 0 runs, 0 hits, 0 errors, 0 left on base; Los Angeles (NYP) 1 - Eugene 1 |
BOTTOM OF THE 7TH |
Eugene Emeralds batting - Pitching for Los Angeles (NYP) Dodgers : RHP Craig Fallon
|
Batting: SHB Bob Hamilton
|
0-0: Ball 1-0: Ball 2-0: Called Strike 2-1: Ball 3-1: Base on Balls
|
Batting: RHB Brian Gargis
|
|
Pinch Hitting: LHB Kwang-chih Men
|
0-0: Ball Bob Hamilton steals 2nd base 1-0: Intentional Walk
|
Batting: RHB Adam Kelliher
|
0-0: Sac Bunt to 23 - play at first, batter OUT! 3-4 Bob Hamilton to third Kwang-chih Men to second
|
Batting: RHB Jonathan Ridgely
|
0-0: Swinging Strike 0-1: Foul Ball, location: 2F 0-2: Ball 1-2: Ball 2-2: SINGLE (Line Drive, 4MD, EV 103.8 MPH) Bob Hamilton scores Kwang-chih Men to third Runner from 3rd tries for Home, throw by CF and OUT! 8-2
|
Batting: RHB Garrett Granata
|
0-0: Called Strike 0-1: TRIPLE (Line Drive, 9LD, EV 106.2 MPH) Jonathan Ridgely scores
|
Batting: RHB Chris Slama
|
0-0: SINGLE (Groundball, 4MD, EV 95.0 MPH) Garrett Granata scores
|
Pitching: RHP Cody Colburn
|
|
Batting: RHB Francisco Ramirez
|
0-0: Ball 1-0: Ball 2-0: Ball 3-0: Base on Balls Chris Slama to second
|
Batting: LHB Trevor Spaulding
|
0-0: Called Strike 0-1: Ball 1-1: Ball 2-1: Ball 3-1: Foul Ball, location: 2F 3-2: Base on Balls Chris Slama to third Francisco Ramirez to second
|
Batting: LHB Mark Huey
|
0-0: Called Strike 0-1: Swinging Strike 0-2: Foul Ball, location: 2F 0-2: Strikes out swinging
|
Bottom of the 7th over - 3 runs, 3 hits, 0 errors, 3 left on base; Los Angeles (NYP) 1 - Eugene 4 |
TOP OF THE 8TH |
Los Angeles (NYP) Dodgers batting - Pitching for Eugene Emeralds : LHP Virgílio Beyfus
|
Now in RF: Jonathan Sotelo
|
|
Batting: RHB Dustin Huschka
|
0-0: Foul Ball, location: 2F 0-1: Swinging Strike 0-2: Strikes out looking
|
Batting: RHB Jonathan Quijada
|
0-0: Ball 1-0: DOUBLE (Line Drive, 7LS, EV 105.0 MPH)
|
Batting: SHB John Gernaat
|
0-0: Called Strike 0-1: Swinging Strike 0-2: Strikes out swinging
|
Batting: RHB Mario Mejia
|
0-0: Ball 1-0: Foul Ball, location: 2F 1-1: Ball 2-1: Ball 3-1: Base on Balls
|
Batting: RHB Leo Cuellar
|
0-0: Ball Wild Pitch! Jonathan Quijada to third Mario Mejia to second 1-0: Ball 2-0: Ball 3-0: Base on Balls
|
Pitching: RHP Harry Poindexter
|
|
Batting: LHB Kippy McGrath
|
0-0: Ball 1-0: Called Strike 1-1: Called Strike 1-2: Ball 2-2: Strikes out looking
|
Top of the 8th over - 0 runs, 1 hit, 0 errors, 3 left on base; Los Angeles (NYP) 1 - Eugene 4 |
BOTTOM OF THE 8TH |
Eugene Emeralds batting - Pitching for Los Angeles (NYP) Dodgers : RHP Cody Colburn
|
Batting: SHB Bob Hamilton
|
0-0: Ball 1-0: Foul Ball, location: 2F 1-1: Foul Ball, location: 2F 1-2: Strikes out looking
|
Batting: RHB Jonathan Sotelo
|
0-0: SINGLE (Line Drive, 6MD, EV 100.6 MPH)
|
Batting: RHB Adam Kelliher
|
0-0: Foul Ball, location: 2F 0-1: Called Strike 0-2: Ball 1-2: SINGLE (Line Drive, 56, EV 105.6 MPH) Jonathan Sotelo to second
|
Batting: RHB Jonathan Ridgely
|
0-0: Ball 1-0: Called Strike 1-1: Grounds into double play, 6-4-3 (Groundball, 56, EV 90.0 MPH)
|
Bottom of the 8th over - 0 runs, 2 hits, 0 errors, 1 left on base; Los Angeles (NYP) 1 - Eugene 4 |
TOP OF THE 9TH |
Los Angeles (NYP) Dodgers batting - Pitching for Eugene Emeralds : RHP Harry Poindexter
|
Batting: SHB Chris Ackerson
|
0-0: Called Strike 0-1: Foul Ball, location: 2F 0-2: Ball 1-2: Ball 2-2: Strikes out swinging
|
Batting: RHB Jonathan Kirsch
|
0-0: Ball 1-0: Ball 2-0: Foul Ball, location: 2F 2-1: Ball 3-1: Called Strike 3-2: Ground out 6-3 (Groundball, 6, EV 86.9 MPH)
|
Batting: LHB Fernando Amaya
|
0-0: Ball 1-0: Ball 2-0: SINGLE (Groundball, 34D, EV 98.1 MPH)
|
Batting: RHB Dustin Huschka
|
0-0: Called Strike 0-1: Ground out 4-3 (Groundball, 4, EV 101.2 MPH)
|
Top of the 9th over - 0 runs, 1 hit, 0 errors, 1 left on base; Los Angeles (NYP) 1 - Eugene 4 |
|